 Dungeon Crawl Stone Soup version 0.32-a0 (webtiles) character file.

Game seed: 13402873193586027733

32293 Riskake the Severer (level 13, -12/114 (116) HPs)
             Began as a Minotaur Berserker on Jan 13, 2024.
             Was a Follower of Trog.
             Killed from afar by a lich (37 damage)
             ... with a bolt of cold
             ... on level 14 of the Dungeon.
             The game lasted 01:47:29 (23800 turns).

Riskake the Severer (Minotaur Berserker)           Turns: 23800, Time: 01:47:30

HP:   -12/114 (116) AC: 33    Str: 36    XL:     13   Next: 30%
MP:   12/12         EV: 12    Int:  4    God:    Trog [*.....]
Gold: 865           SH: 16    Dex: 13    Spells: 12/12 levels left

rFire   . . .        o - +7 hand axe (protect)
rCold   . . .        B - +0 kite shield
rNeg    . . .        s - +6 plate armour
rPois   .            (helmet restricted)
rElec   +            (no cloak)
rCorr   +            K - +2 pair of gloves {Str+3}
SInv    .            (no boots)
Will    .....        p - amulet of reflection Stlth
                     v - +6 ring of strength
HPRegen 0.39/turn    D - ring "Boc Zeuhew" {rElec rCorr Dex+3}
MPRegen 0.13/turn

%: reflection
@: under a protective aura, on berserk cooldown, slowed, lightly drained, very
slow
A: horns 2, retaliatory headbutt
a: Renounce Religion, Berserk


You were on level 14 of the Dungeon.
You worshipped Trog.
Trog was aware of your devotion.
You visited 2 branches of the dungeon, and saw 15 of its levels.

You collected 1052 gold pieces.
You spent 187 gold pieces at shops.

Inventory:

Hand Weapons
 o - a +7 hand axe of protection (weapon)
 H - a +3 long sword of freezing
Missiles
 f - 15 poisoned darts
 h - 13 boomerangs
 l - 6 javelins (quivered)
Armour
 k - a +0 scale mail of cold resistance
 s - a +6 plate armour (worn)
 B - a +0 kite shield (worn)
 K - a +2 pair of gloves of strength (worn)
Jewellery
 p - an amulet of reflection (around neck)
 v - a +6 ring of strength (left hand)
 D - the ring "Boc Zeuhew" (right hand) {rElec rCorr Dex+3}
   (You found it on level 7 of the Dungeon)

   [ring of resist corrosion]

   Dex+3:     It affects your dexterity (+3).
   rElec:     It insulates you from electricity.
   rCorr:     It protects you from acid and corrosion.
 I - a +6 ring of intelligence
 J - a +6 ring of dexterity
Wands
 b - a wand of polymorph (11)
 C - a wand of acid (5)
 E - a wand of mindburst (2)
 F - a wand of flame (10)
 G - a wand of iceblast (13)
 O - a wand of charming (6)
Scrolls
 c - 2 scrolls of immolation
 e - 2 scrolls of fear
 g - 2 scrolls of brand weapon
 m - a scroll of enchant weapon
 n - 2 scrolls of poison
 r - 8 scrolls of teleportation
 L - 2 scrolls of silence {unknown}
 M - a scroll of vulnerability
 N - a scroll of enchant armour
 P - 2 scrolls of identify
Potions
 a - 2 potions of mutation
 d - a potion of cancellation
 i - 4 potions of haste
 j - a potion of lignification
 q - a potion of ambrosia
 t - a potion of berserk rage {unknown}
 u - 3 potions of curing
 w - a potion of brilliance {unknown}
 x - 2 potions of attraction
 z - a potion of resistance {unknown}
 A - 2 potions of invisibility
Miscellaneous
 Q - a phial of floods


   Skills:
 + Level 11.1 Fighting
 + Level 15.0 Axes
 - Level 1.0 Throwing
 + Level 14.8 Armour
 * Level 10.7 Dodging
 - Level 0.4 Stealth
 + Level 9.0 Shields
 - Level 1.0 Evocations


You had 12 spell levels left.
You didn't know any spells.
Your spell library contained the following spells:

 Spells                   Type           Power      Damage    Failure   Level
 Hailstorm                Conj/Ice       0%         3d5       100%        3
 Summon Ice Beast         Ice/Summ       0%         N/A       100%        3
 Sculpt Simulacrum        Ice/Alch       0%         N/A       100%        6


Dungeon Overview and Level Annotations

Branches:
Dungeon (14/15)            Temple (0/1) D:7            Lair (0/5) D:8
    Orc (1/2) D:9          Vaults (0/5) D:14

Altars:
Cheibriados
Gozag
Kikubaaqudgha
Makhleb
Ru
Uskayaw
Xom

Shops:
D:3 ?   D:5 [   D:6 :   D:10 (   D:11 [


Innate Abilities, Weirdness & Mutations

You have a pair of horns on your head.
You reflexively headbutt those who attack you in melee.


Message History

Your life force feels restored.
Your Shields skill increases to level 9!
You barely miss something. You hit something but do no damage.
You slash something!
Something touches you but does no damage. x2
You barely miss something. You closely miss something.
You barely miss something.
You hear some strange, mumbled words.
A bolt of cold appears from out of thin air!
The bolt of cold hits you!!!
You hear some strange, mumbled words.
You feel as though you will be slow longer.
Something touches you but does no damage.
You slice something!! You closely miss something.
You hit something but do no damage.
Something touches you but does no damage.
Something touches you.
You feel drained.
You hit something but do no damage. You headbutt something! You hit something.
You closely miss something.
You hear some strange, mumbled words.
A bolt of cold appears from out of thin air!
The bolt of cold hits you!!
Something touches you but does no damage. x2
You slice something!! Your headbutt misses something. You hit something. x2
Something completely misses you. Something touches you.
You feel drained.
You hear some strange, mumbled words.
A bolt of cold appears from out of thin air!
The bolt of cold hits you!!
* * * LOW HITPOINT WARNING * * *
You are too berserk!
You hit something. You slash something! You closely miss something.
You are no longer berserk.
You are exhausted.
You feel as though you will be slow longer.
You block something's attack. x2
You feel better.
You hear some strange, mumbled words.
A bolt of cold appears from out of thin air!
The bolt of cold hits you!!!
You die...

#....#...'...#....#
#.#
#.^..#...#...#....#
#.+
##..#......#.######
###
#######.######[###
#.####:#!#=###
#.##(.?⌠_⌠.!(#
#..##.......#
##..###{{'###
##.#..{@...#
#.........#
##...?.#### #######


There were no monsters in sight!

Vanquished Creatures
  A lich (D:14)
  The ghost of Samm the Warrior, a journeyman MiMo of Okawaru (D:14)
  An ironbound preserver (D:14)
  Nessos (D:12)
  Azrael (D:14)
  6 centaur warriors
  A death knight (D:14)
  3 boulder beetles
  2 tengu warriors
  7 two-headed ogres
  An arcanist (D:12)
  A deep elf pyromancer (D:14)
  A manticore (D:10)
  4 cyclopes
  2 ugly things
  An elephant (D:8)
  Maurice (D:9)
  A gargoyle (D:12)
  A kobold demonologist (D:11)
  3 unseen horrors
  2 tengu conjurers (D:14)
  3 trolls
  A hornet (D:10)
  A shadow (D:12)
  2 vampires
  11 yaks
  5 wraiths
  4 wyverns
  A basilisk (D:8)
  2 fire elementals (D:14)
  2 steam dragons
  2 vampire mosquitoes (D:11)
  4 hell hounds (D:14)
  An ice beast (D:7)
  2 laughing skulls (D:14)
  A sky beast (D:8)
  7 orc warriors
  6 black bears
  A crocodile (shapeshifter) (D:14)
  13 centaurs
  3 ogres (D:9)
  3 phantoms (D:7)
  2 kobold brigands
  2 bullfrogs
  A gnoll sergeant (D:9)
  7 wights
  4 scorpions
  A killer bee (D:11)
  2 electric eels (D:9)
  5 howler monkeys
  A bombardier beetle (D:7)
  2 crimson imps
  3 jellies (D:4)
  3 hounds
  13 orc priests
  2 sleepcaps
  5 iguanas
  9 orc wizards
  7 adders
  8 gnolls
  3 white imps
  2 ufetubi (D:7)
  3 dart slugs
  37 orcs
  7 bats
  7 endoplasms
  A giant cockroach (D:2)
  8 goblins
  8 hobgoblins
  3 jackals (D:2)
  3 quokkas
  3 training dummies (D:10)
  6 ball pythons
  2 frilled lizards
  17 kobolds
  6 rats
310 creatures vanquished.

Vanquished Creatures (others)
  An orc (D:9)
1 creature vanquished.

Grand Total: 311 creatures vanquished

Notes
Turn   | Place    | Note
-------+----------+-------------------------------------------
     0 | D:1      | Riskake the Minotaur Berserker began the quest for the Orb.
     0 | D:1      | Reached XP level 1. HP: 19/19 MP: 0/0
   619 | D:1      | Reached XP level 2. HP: 27/27 MP: 1/1
   993 | D:2      | Reached skill level 4 in Axes
  1427 | D:2      | Reached XP level 3. HP: 33/33 MP: 2/2
  1466 | D:2      | Reached ** piety under Trog
  1471 | D:2      | Reached XP level 4. HP: 20/41 MP: 3/3
  2261 | D:3      | Found a sacrificial altar of Ru.
  2378 | D:3      | Found The Oracle's Delphic Readings.
  2432 | D:3      | Found a shimmering altar of Xom.
  2602 | D:3      | Reached skill level 5 in Axes
  2860 | D:4      | Noticed a black bear
  2883 | D:4      | Reached XP level 5. HP: 47/47 MP: 4/4
  2911 | D:4      | Killed a black bear
  3008 | D:4      | Reached skill level 5 in Fighting
  3008 | D:4      | Reached skill level 1 in Throwing
  3008 | D:4      | Reached XP level 6. HP: 56/56 MP: 5/5
  3019 | D:4      | Reached skill level 6 in Axes
  3045 | D:4      | Reached *** piety under Trog
  3374 | D:5      | Entered Level 5 of the Dungeon
  3374 | D:5      | Noticed an orc warrior
  3374 | D:5      | Found Oshex's Antique Armour Boutique.
  3384 | D:5      | Killed an orc warrior
  3638 | D:5      | Reached skill level 7 in Axes
  3638 | D:5      | Reached skill level 5 in Armour
  3638 | D:5      | Reached XP level 7. HP: 57/61 MP: 6/6
  4339 | D:6      | Found Vupn's Vocational Training.
  4378 | D:6      | Reached skill level 8 in Axes
  4447 | D:6      | Reached XP level 8. HP: 63/70 MP: 7/7
  4504 | D:6      | Found a burning altar of Makhleb.
  4546 | D:6      | Reached skill level 1 in Shields
  4619 | D:6      | Found an opulent altar of Gozag.
  4975 | D:6      | Reached skill level 9 in Axes
  5630 | D:7      | Found a staircase to the Ecumenical Temple.
  5659 | D:7      | Identified the ring "Boc Zeuhew" {rElec rCorr Dex+3}
  5727 | D:7      | Found a snail-covered altar of Cheibriados.
  5732 | D:7      | Reached skill level 10 in Axes
  5823 | D:7      | Found a hide-covered altar of Uskayaw.
  5847 | D:7      | Reached XP level 9. HP: 78/78 MP: 8/8
  6329 | D:8      | You fall into a shaft and drop 2 floors!
  6329 | D:10     | Entered Level 10 of the Dungeon
  6350 | D:9      | Identified the +0 ring mail of Impatience {rC- Dex+6}
  6455 | D:9      | Noticed a two-headed ogre
  6465 | D:9      | Killed a two-headed ogre
  6466 | D:9      | Reached skill level 11 in Axes
  7070 | D:9      | Reached skill level 5 in Dodging
  7084 | D:9      | Reached XP level 10. HP: 83/88 MP: 9/9
  7209 | D:8      | Identified the +1 leather armour "Fucylil" {rCorr}
  7253 | D:8      | Found a staircase to the Lair.
  7253 | D:8      | Noticed an elephant
  7272 | D:8      | Killed an elephant
  7273 | D:8      | Reached skill level 12 in Axes
  7908 | D:8      | Identified the +5 ring mail of the Skies Above {Rampage
                  | rPois Slay-2 Stlth+}
  8140 | D:8      | Noticed a two-headed ogre
  8146 | D:8      | Killed a two-headed ogre
  8529 | D:9      | Noticed Maurice
  8537 | D:9      | Reached skill level 10 in Armour
  8907 | D:9      | Maurice stole a +3 long sword of freezing
  8909 | D:9      | Maurice stole 322 gold
  8911 | D:9      | Maurice stole 79 gold
  8914 | D:9      | Killed Maurice
  8915 | D:9      | Reached skill level 13 in Axes
  9691 | D:9      | Found a staircase to the Orcish Mines.
  9716 | Orc:1    | Entered Level 1 of the Orcish Mines
  9720 | Orc:1    | Noticed a two-headed ogre
  9720 | Orc:1    | Noticed an orc high priest
  9860 | Orc:1    | Noticed an orc sorcerer
 10154 | D:9      | Reached XP level 11. HP: 95/95 MP: 10/10
 12580 | D:10     | Found Gyar's Firing Range.
 12934 | D:10     | Noticed a two-headed ogre
 12944 | D:10     | Killed a two-headed ogre
 13330 | D:11     | Noticed a two-headed ogre
 13342 | D:11     | Killed a two-headed ogre
 13504 | D:11     | Noticed a purple ugly thing
 13511 | D:11     | Killed a purple ugly thing
 13810 | D:11     | Noticed a boulder beetle
 14804 | D:11     | Found Loge's Antique Armour Shoppe.
 14810 | D:11     | Bought a pair of glowing gloves for 187 gold pieces
 14866 | D:11     | Reached skill level 14 in Axes
 15020 | D:11     | Killed a boulder beetle
 15021 | D:11     | Reached skill level 5 in Shields
 15310 | D:11     | Noticed a two-headed ogre
 15318 | D:11     | Killed a two-headed ogre
 15770 | D:11     | Noticed a two-headed ogre
 15774 | D:11     | Killed a two-headed ogre
 16127 | D:12     | Noticed Nessos
 16138 | D:12     | Killed Nessos
 16139 | D:12     | Reached skill level 1 in Evocations
 16139 | D:12     | Reached XP level 12. HP: 103/106 MP: 11/11
 17460 | D:12     | Reached skill level 10 in Fighting
 17856 | D:13     | Noticed a centaur warrior
 17885 | D:13     | Killed a centaur warrior
 17898 | D:13     | Noticed a two-headed ogre
 17908 | D:13     | Killed a two-headed ogre
 18299 | D:13     | Noticed a centaur warrior
 18307 | D:13     | Killed a centaur warrior
 18924 | D:13     | Noticed a boulder beetle
 18937 | D:13     | Noticed a tengu warrior
 18945 | D:13     | Killed a tengu warrior
 18962 | D:13     | Killed a boulder beetle
 21041 | D:14     | Noticed a centaur warrior
 21046 | D:14     | Killed a centaur warrior
 21102 | D:14     | Noticed Azrael
 21130 | D:14     | Reached skill level 10 in Dodging
 21153 | D:14     | Killed Azrael
 21554 | D:14     | Noticed a centaur warrior
 21564 | D:14     | Killed a centaur warrior
 21583 | D:14     | Noticed a centaur warrior
 21586 | D:14     | Noticed a boulder beetle
 21962 | D:14     | Killed a centaur warrior
 21972 | D:14     | Killed a boulder beetle
 22273 | D:14     | Noticed a centaur warrior
 22292 | D:14     | Killed a centaur warrior
 22303 | D:14     | Reached XP level 13. HP: 114/114 MP: 12/12
 22917 | D:14     | Found a gate to the Vaults.
 22917 | D:14     | Noticed an ironbound preserver
 22927 | D:14     | Killed an ironbound preserver
 23504 | D:14     | Reached skill level 15 in Axes
 23762 | D:14     | Found a runed translucent gate.
 23762 | D:14     | Found a runed translucent gate.
 23762 | D:14     | Found a runed translucent gate.
 23762 | D:14     | Found an ancient bone altar of Kikubaaqudgha.
 23762 | D:14     | Noticed a lich
 23765 | D:14     | Noticed Samm's ghost (journeyman MiMo)
 23765 | D:14     | Noticed a lich
 23765 | D:14     | Noticed a lich
 23765 | D:14     | Noticed a lich
 23792 | D:14     | Killed Samm's ghost
 23793 | D:14     | Killed a lich
 23800 | D:14     | Killed from afar by a lich

Illustrated notes

Levels and vault maps discovered:
D:1:      dreamdust_arrival_sigmund_warning, layout_loops_ring, nicolae_titane
D:2:      layout_basic, roderic_serpentine_path, corexii_leaking_fountain
D:3:      minmay_spotlight, layout_basic, regret_index_xom_buried_treasure,
          nicolae_ru_sacrificial_ziggurat, minmay_misc_feat_tiny,
          nicolae_nh_oracle_at_delphi
D:4:      layout_rooms
D:5:      layout_gridville, serial_shops, nicolae_shop_tiny_waterfront,
          minmay_fire_ice_demons
D:6:      layout_loops_ring, grunt_gozag_statues, kennysheep_mini_moat,
          nicolae_eternal_life, serial_library_hellmonk_double_dead_end,
          nicolae_hexahallways, nicolae_shop_vocational
D:7:      layout_loops_ring, nicolae_uskayaw_murder_on_the_dancefloor,
          kennysheep_little_box, minmay_temple_entry_tees, enter_bailey_3,
          nicolae_fountain_basement
D:8:      layout_loops_ring, david_lair_generic
D:9:      layout_layer_cave, erik_orc_2, serial_park_tiny_2, uniq_maurice
D:10:     layout_loops_ring, nicolae_shop_firing_range
D:11:     layout_big_octagon, serial_shops, shop, minmay_quadrilaterals
D:12:     layout_roguey, lightli_wizard_tower, uniq_nessos
D:13:     layout_loops_corners
D:14:     layout_gridville, skrybe_vaults_entry_preservation,
          gammafunk_ghost_crypt, dk_noncrumbling_2,
          chequers_serial_rivers_room_b, uniq_azrael
Orc:1:    layout_caves, regret_index_minedec_devilstone, trog_butcher_becter

Skill      XL: |  1  2  3  4  5  6  7  8  9 10 11 12 13 |
---------------+----------------------------------------+-----
Fighting       | 4 5 6 7 8 9 10 11 | 11.1
Axes           | 4 5 7 8 10 11 13 14 15 | 15.0
Armour         | 3 4 5 6 7 9 10 12 14 | 14.8
Throwing       | 1 |  1.0
Dodging        | 3 5 7 8 10 | 10.7
Shields        | 2 3 4 5 8 9 |  9.0
Evocations     | 1 |  1.0
Stealth        | |  0.4

Action                     |  1- 3 |  4- 6 |  7- 9 | 10-12 | 13-15 || total
---------------------------+-------+-------+-------+-------+-------++-------
  Melee: Hand axe          |    85 |   105 |   179 |   448 |    68 ||   885
         Headbutt          |     4 |    16 |    41 |    92 |    12 ||   165
         Punch             |     1 |       |     1 |     2 |       ||     4
  Throw: Javelin           |       |     9 |     8 |    24 |       ||    41
         Dart              |       |     2 |     4 |    18 |     2 ||    26
         Boomerang         |       |       |       |     4 |       ||     4
         Throwing net      |       |       |       |     1 |       ||     1
 Invoke: Berserk           |     2 |     2 |     4 |    29 |     4 ||    41
         Trog's Hand       |       |       |     5 |    23 |       ||    28
  Evoke: Wand              |       |       |       |    12 |     1 ||    13
    Use: Scroll            |     4 |     6 |     5 |    13 |       ||    28
         Potion            |       |       |       |     3 |     2 ||     5
   Stab: Distracted        |       |       |       |     1 |       ||     1
 Armour: Animal skin       |    13 |       |       |       |       ||    13
         Scale mail        |    52 |    68 |       |       |       ||   120
         Plate armour      |       |     4 |   124 |   311 |    66 ||   505
         Skin              |       |       |       |    22 |       ||    22
  Dodge: Dodged            |    59 |    47 |    76 |   117 |    13 ||   312
  Block: Other             |       |     2 |    26 |    22 |       ||    50
         Reflection        |       |       |       |    31 |     2 ||    33
         Kite shield       |       |       |       |   140 |    56 ||   196

Table legend: (Time is in decaauts)
 A = Elapsed time spent in this place.
 B = Non-inter-level travel time spent in this place.
 C = Inter-level travel time spent in this place.
 D = Time resting spent in this place.
 E = Time spent auto-exploring this place.
 F = Levels seen in this place.
 G = Mean time per level.
                   A        B        C        D        E       F      G
               +--------+--------+--------+--------+--------+-----+--------+
         Total |  24059 |  24059 |      0 |  11340 |   7170 |  15 | 1603.9 |
       Dungeon |  24052 |  24052 |      0 |  11340 |   7170 |  14 | 1718.0 |
  Orcish Mines |      7 |      7 |      0 |      0 |      0 |   1 |    7.0 |
               +--------+--------+--------+--------+--------+-----+--------+

Top non-repeatable levels by time:
     D:9: 4309 daAuts
    D:13: 3631 daAuts
    D:11: 2801 daAuts
    D:14: 2448 daAuts
    D:12: 1731 daAuts
     D:8: 1670 daAuts
     D:6: 1162 daAuts
    D:10: 1083 daAuts
     D:2: 1073 daAuts
     D:3: 1019 daAuts
     D:5: 904 daAuts
     D:7: 852 daAuts
     D:1: 764 daAuts
     D:4: 598 daAuts
   Orc:1: 7 daAuts
